Map: Kairos Junction LE

Players

Neeb

  • Race: Protoss Protoss
  • League: Master
  • Spawn Location: 5:00

llllllllllll (sOs) - Winner!

  • Race: Protoss Protoss
  • League: Master
  • Spawn Location: 11:00

Event: IEM Season 13 - Katowice Server Qualifiers America

VOD

Have the link to the VOD?

Description

Time

  • Played on: Jan. 6, 2019, 5:01 p.m.
  • Length: 10:06

All games in this series

Show
View Real Time Build Order
Export as new Build Order

Neeb Protoss 

Build Orders: Phoenix Opening 

Get SALT Encoding   

  12  0:00  Probe  
  13  0:12  Probe  
  14  0:17  Pylon  
  14  0:23  Probe  
  15  0:31  Probe  
  16  0:38  Gateway  
  16  0:39  Probe  
  16  0:45  Assimilator  
  17  0:51  Probe  
  17  0:54  Assimilator  
  18  0:59  Probe  
  19  1:07  Probe  
  19  1:08  Gateway  
  20  1:17  Probe  
  21  1:25  Cybernetics Core  
  21  1:29  Probe  
  22  1:36  Pylon  
  22  1:41  Probe  
  24  1:54  Probe  
  24  2:02  Sentry  
  24  2:07  Probe  
  27  2:11  Stargate  
  27  2:14  Pylon  
  27  2:18  Warp Gate  
  27  2:22  Pylon  
  27  2:27  Stalker  
  29  2:45  Stalker  
  29  2:47  Phoenix  
  31  2:57  Shield Battery  
  34  3:11  Phoenix  
  34  3:18  Nexus  
  35  3:27  Pylon  
  35  3:28  Probe  
  35  3:30  Phoenix  
  38  3:45  Probe  
  39  3:55  Robotics Facility  
  39  3:59  Probe  
  40  4:08  Phoenix  
  42  4:11  Probe  
  43  4:23  Probe, Shield Battery  
  43  4:32  Probe  
  43  4:34  Phoenix  
  43  4:35  Probe  
  47  4:44  Probe  
  48  4:47  Probe  
  48  4:48  Immortal  
  49  4:56  Stalker  
  49  4:57  Probe  
  56  5:04  Stalker  
  58  5:09  Pylon  
  58  5:10  Probe  
  59  5:16  Probe  
  59  5:18  Assimilator  
  59  5:19  Assimilator  
  60  5:22  Probe  
  60  5:26  Observer  
  61  5:28  Probe  
  61  5:32  Pylon  
  61  5:35  Probe  
  64  5:36  Forge  
  64  5:37  Probe  
  65  5:46  Probe  
  65  5:47  Probe  
  65  5:48  Immortal  
  70  5:54  Protoss Ground Weapons Level 1  
  70  5:57  Probe  
  71  5:59  Probe, Pylon  
  73  6:09  Gateway, Probe  
  75  6:12  Gateway  
  74  6:26  Nexus  
  74  6:29  Probe  
  75  6:39  Gateway x2  
  75  6:43  Twilight Council  
  75  6:44  Probe  
  77  6:52  Pylon  
  77  6:59  Observer  
  77  7:00  Gateway  
  76  7:02  Gateway  
  74  7:12  Zealot x2  
  78  7:17  Charge, Immortal, Pylon  
  82  7:26  Templar Archives  
  82  7:30  Pylon  
  82  7:32  Zealot  
  82  7:34  Zealot  
  86  7:43  Zealot x3  
  92  7:53  Zealot x2  
  92  7:56  Sentry x2  
  92  7:57  Sentry  
  102  8:04  High Templar x2  
  106  8:09  Archon  
  106  8:13  Pylon x2  
  106  8:16  High Templar x2, Zealot  
  108  8:20  Archon  
  108  8:24  Warp Prism  
  110  8:44  Pylon  
  110  8:52  Nexus  
  110  8:53  Zealot x2  
  113  9:07  High Templar x2, Zealot x2  
  121  9:12  Archon  
  121  9:14  Pylon  
  121  9:15  Pylon  
  121  9:24  High Templar  
  121  9:25  High Templar  
  121  9:29  Pylon  
  121  9:30  Archon  
  125  9:37  Pylon  
  111  9:47  Zealot x4  
  111  9:51  Zealot  
  111  9:52  Zealot x5  
  99  9:58  Zealot x2  
Show
View Real Time Build Order
Export as new Build Order

llllllllllll Protoss - Winner!

Build Orders: Oracle Opening, Blink Stalkers 

Get SALT Encoding   

  12  0:00  Probe  
  13  0:13  Probe  
  14  0:19  Pylon  
  14  0:25  Probe  
  15  0:33  Probe  
  15  0:39  Gateway  
  15  0:42  Probe  
  16  0:44  Assimilator  
  17  0:51  Probe  
  17  0:55  Assimilator  
  18  0:59  Probe  
  19  1:07  Gateway, Probe  
  19  1:18  Probe  
  21  1:26  Cybernetics Core  
  21  1:30  Probe  
  22  1:35  Pylon  
  22  1:42  Probe  
  23  1:54  Probe  
  23  2:03  Adept x2, Warp Gate  
  23  2:05  Pylon  
  27  2:22  Stargate  
  27  2:30  Stalker  
  27  2:32  Stalker  
  31  2:48  Probe  
  32  2:59  Oracle  
  32  3:06  Probe  
  36  3:16  Nexus  
  36  3:22  Twilight Council  
  36  3:29  Shield Battery  
  36  3:35  Pylon  
  36  3:37  Blink  
  36  3:40  Probe  
  37  3:54  Probe  
  40  4:06  Probe  
  41  4:11  Stalker x2  
  43  4:21  Probe  
  44  4:30  Probe  
  42  4:33  Probe  
  42  4:38  Stalker x2  
  47  4:42  Probe  
  48  4:45  Probe  
  47  4:55  Probe  
  47  4:57  Probe  
  47  4:58  Pylon  
  49  5:04  Stalker x2  
  52  5:07  Probe  
  52  5:10  Probe  
  50  5:19  Probe  
  51  5:22  Probe  
  51  5:27  Nexus  
  52  5:31  Probe  
  52  5:34  Probe  
  52  5:35  Charge, Sentry  
  56  5:36  Stalker  
  56  5:39  Probe  
  58  5:46  Probe, Phoenix  
  58  5:48  Probe  
  61  5:58  Gateway x2  
  61  5:59  Probe  
  61  6:01  Probe, Pylon  
  63  6:10  Gateway, Forge  
  63  6:17  Gateway  
  63  6:19  Gateway  
  63  6:21  Probe x2  
  65  6:28  Protoss Ground Weapons Level 1  
  65  6:34  Zealot x2  
  65  6:39  Probe x2  
  71  6:48  Pylon  
  71  6:53  Probe x3  
  74  6:56  Stalker x3  
  80  7:07  Probe x3  
  76  7:11  Zealot x3  
  82  7:19  Probe x3  
  82  7:22  Zealot x3  
  91  7:26  Zealot  
  93  7:30  Pylon  
  93  7:33  Zealot x2  
  93  7:37  Zealot  
  99  7:41  Probe  
  99  7:43  Pylon  
  100  7:55  Zealot x4  
  108  8:03  Zealot  
  108  8:04  Zealot x2  
  114  8:06  Probe x2  
  114  8:07  Pylon  
  114  8:12  Pylon  
  116  8:22  Pylon  
  116  8:24  Probe  
  116  8:25  Templar Archives  
  116  8:26  Pylon  
  113  8:27  Probe x2  
  113  8:28  Assimilator  
  113  8:31  Assimilator  
  113  8:32  Probe  
  111  8:39  Probe x2  
  113  8:43  Zealot x2  
  113  8:44  Zealot  
  113  8:45  Probe  
  119  8:51  Probe  
  118  9:09  Probe x2  
  119  9:10  Probe  
  119  9:11  High Templar x4, Assimilator  
  119  9:12  Assimilator, Zealot x3  
  119  9:15  Archon x2  
  132  9:20  Pylon x2  
  130  9:25  Probe x3  
  133  9:36  Robotics Facility  
  131  9:42  Zealot x3  
  131  9:43  Zealot x4  
  89  10:06  Zealot x2  

Tags
 
Add a new tag
Caveats
  • Supply blocks, unpowered buildings, or Contaminate may cause inaccurate times.
  • Supply counts are checked every 10 seconds.